 Dungeon Crawl Stone Soup version 0.29-a0-330-g52719c12eb (webtiles) character file.

Game seed: 12856562311522092843

275 Sassenached the Grasshopper (level 6, 0/47 HPs)
             Began as a Gnoll Wanderer on Apr 30, 2022.
             Was an Initiate of Makhleb.
             Slain by Ijyb the harpy (5 damage)
             ... on level 4 of the Dungeon.
             The game lasted 00:03:32 (3843 turns).

Sassenached the Grasshopper (Gnoll Wanderer)        Turns: 3843, Time: 00:03:33

Health: 0/47       AC:  6    Str: 15    XL:     6   Next: 24%
Magic:  11/11      EV: 11    Int:  9    God:    Makhleb [......]
Gold:   206        SH:  0    Dex: 12    Spells: 10/11 levels left

rFire   . . .      SeeInvis .   a - +3 flail (vorpal)
rCold   . . .      Faith    .   (no shield)
rNeg    . . .      Spirit   .   h - +0 ring mail
rPois   .          Reflect  .   b - +0 helmet
rElec   .          Harm     .   (no cloak)
rCorr   .          Rampage  .   (no gloves)
Will    .....                   (no boots)
Stlth   +.........              (no amulet)
HPRegen 0.15/turn               (no ring)
MPRegen 0.12/turn               (no ring)

@: no status effects
A: fangs 1, strong nose, distributed training
a: Renounce Religion


You were on level 4 of the Dungeon.
You worshipped Makhleb.
Makhleb was noncommittal.
You visited 1 branch of the dungeon, and saw 4 of its levels.

You collected 206 gold pieces.

Inventory:

Hand Weapons
 a - a +3 vorpal flail (weapon)
 f - a +0 hand axe of freezing
Armour
 b - a +0 helmet (worn)
 h - a +0 ring mail (worn)
Wands
 g - a wand of polymorph (6) (quivered)
Scrolls
 d - a scroll of teleportation
 i - a scroll of fog {unknown}
 l - a scroll of magic mapping {unknown}
Potions
 c - 6 potions of attraction
 e - 2 potions of haste
 j - 5 potions of curing {unknown}
 k - a potion of mutation {unknown}
 m - 2 potions of heal wounds {unknown}
 o - a potion of flight {unknown}
 p - 2 potions of degeneration {unknown}
 s - a potion of ambrosia {unknown}


   Skills:
 + Level 3.2 Fighting
 + Level 1.8 Short Blades
 + Level 1.8 Long Blades
 + Level 4.9 Axes
 + Level 1.8 Maces & Flails
 + Level 1.8 Polearms
 + Level 1.8 Staves
 + Level 1.8 Slings
 + Level 1.8 Bows
 + Level 1.8 Crossbows
 + Level 1.8 Throwing
 + Level 1.8 Armour
 + Level 1.8 Dodging
 + Level 3.0 Stealth
 + Level 1.8 Shields
 + Level 1.8 Unarmed Combat
 + Level 3.3 Spellcasting
 + Level 1.4 Conjurations
 + Level 1.4 Hexes
 + Level 1.4 Summonings
 + Level 1.4 Necromancy
 + Level 7.2 Translocations
 + Level 1.4 Transmutations
 + Level 1.4 Fire Magic
 + Level 1.4 Ice Magic
 + Level 1.4 Air Magic
 + Level 1.4 Earth Magic
 + Level 1.4 Poison Magic
 + Level 2.0 Invocations
 + Level 3.2 Evocations


You had 10 spell levels left.
You knew the following spells:

 Your Spells              Type           Power      Damage    Failure   Level
a - Apportation           Tloc           28%        N/A       2%          1

Your spell library contained the following spells:

 Spells                   Type           Power      Damage    Failure   Level
 Passage of Golubria      Tloc           14%        N/A       28%         4
 Animate Skeleton         Necr           8%         N/A       30%         1
 Summon Small Mammal      Summ           16%        N/A       30%         1
 Iskenderun's Mystic Bla  Conj/Tloc      9%         2d4       67%         4


Dungeon Overview and Level Annotations

Branches:
Dungeon (4/15)
 Temple: D:4-7

Altars:
Makhleb
Wu Jian
Zin

Shops:
D:2 :

Annotations:
D:4 Ijyb


Innate Abilities, Weirdness & Mutations

You have very sharp teeth.
Your uncanny sense of smell can sniff out nearby items.
Your experience applies equally to all skills.


Message History

Ijyb struggles to resist.
Ijyb barely misses you.
Aiming: Polymorph
Press: ? - help, Q - select action, (/) - cycle Shift-Dir - straight line, f/p - Ijyb
Aim: Ijyb, wielding a +0 club, wearing a +0 leather armour and carrying a wand of flame (6) (will become a steam dragon, a giant cockroach, or a howler monkey, chance to affect: 66%) Ijyb evaporates and reforms as a steam dragon!
You hit Ijyb.
Ijyb is moderately wounded.
Ijyb breathes steam at you. The ball of steam misses you. Ijyb bites you.
Ijyb claws you but does no damage.
You hear a shout!
You hit Ijyb but do no damage. You bite Ijyb, but do no damage.
Ijyb is lightly wounded.
Ijyb bites you. Ijyb closely misses you.
Unknown command.
You hit Ijyb.
Ijyb is moderately wounded.
Ijyb bites you! Ijyb claws you.
Unknown command.
You barely miss Ijyb. You bite Ijyb, but do no damage.
Ijyb is moderately wounded.
Ijyb bites you. Ijyb claws you but does no damage. Ijyb closely misses you.
Ijyb claws you.
Aiming: Polymorph
Press: ? - help, Q - select action, (/) - cycle Shift-Dir - straight line, f/p - Ijyb
Aim: Ijyb the steam dragon (moderately wounded, will become a harpy, a wyvern, or an acid dragon, chance to affect: 57%) Ijyb the steam dragon evaporates and reforms as a harpy!
Ijyb claws you but does no damage. Ijyb misses you. Ijyb claws you!
* * * LOW HITPOINT WARNING * * *
Ijyb barely misses you.
You are too injured to fight recklessly!
You are too injured to fight recklessly!
Unknown command.
You are too injured to fight recklessly!
Unknown command.
You sock Ijyb! You bite Ijyb, but do no damage.
Ijyb is moderately wounded.
Ijyb claws you.
You die...

..####..##.#.).##...#†..#
...##...##...#.##.##.##.###
......#.######..##.##.##._#
.<.##...# ###.##.##.####
..###.### ##..###..#
.####.####### #### #### ∆
..).........#
#####.#####.#########..# .#
#.# #.....@H.....(∆ .# #.#
####.###.....# .# #.# #.#
#.#.# ∆# #.# ### # #.# #.#
#..


You could see Ijyb the harpy.

Vanquished Creatures
  An ogre (D:4)
  A necrophage (D:4)
  An orc wizard (D:2)
  2 adders
  2 dart slugs
  4 worms
  4 orcs
  3 ball pythons (D:1)
  5 endoplasms
  A giant cockroach (D:2)
  4 goblins
  7 hobgoblins
  3 quokkas
  9 bats
  6 frilled lizards
  11 kobolds
  8 rats
72 creatures vanquished.

Notes
Turn   | Place    | Note
-------+----------+-------------------------------------------
     0 | D:1      | Sassenached the Gnoll Wanderer began the quest for the Orb.
     0 | D:1      | Sassenached set off with the following items: a +0 hand
                  | axe, a +0 helmet, a potion of attraction, a +0 leather
                  | armour; and the following spell memorised: Apportation; and
                  | the following spells available to memorise: Passage of
                  | Golubria, Iskenderun's Mystic Blast
     0 | D:1      | Reached XP level 1. HP: 17/17 MP: 4/4
   353 | D:1      | Reached XP level 2. HP: 21/23 MP: 5/5
   780 | D:1      | Reached XP level 3. HP: 25/28 MP: 7/7
   898 | D:2      | Found Ditegu Vuop's Book Shoppe.
  1479 | D:2      | Reached skill level 1 in Invocations
  1537 | D:2      | Reached skill level 1 in Short Blades
  1537 | D:2      | Reached skill level 1 in Long Blades
  1537 | D:2      | Reached skill level 1 in Maces & Flails
  1537 | D:2      | Reached skill level 1 in Polearms
  1537 | D:2      | Reached skill level 1 in Staves
  1537 | D:2      | Reached skill level 1 in Slings
  1537 | D:2      | Reached skill level 1 in Bows
  1537 | D:2      | Reached skill level 1 in Crossbows
  1537 | D:2      | Reached skill level 1 in Throwing
  1537 | D:2      | Reached skill level 1 in Armour
  1537 | D:2      | Reached skill level 1 in Dodging
  1537 | D:2      | Reached skill level 1 in Shields
  1537 | D:2      | Reached skill level 1 in Unarmed Combat
  1537 | D:2      | Reached XP level 4. HP: 7/34 MP: 8/8
  2283 | D:2      | Found a faded altar of an unknown god.
  2288 | D:2      | Found a burning altar of Makhleb.
  2297 | D:2      | Became a worshipper of Makhleb the Destroyer
  2720 | D:3      | Reached skill level 1 in Conjurations
  2720 | D:3      | Reached skill level 1 in Hexes
  2720 | D:3      | Reached skill level 1 in Summonings
  2720 | D:3      | Reached skill level 1 in Necromancy
  2720 | D:3      | Reached skill level 1 in Transmutations
  2720 | D:3      | Reached skill level 1 in Fire Magic
  2720 | D:3      | Reached skill level 1 in Ice Magic
  2720 | D:3      | Reached skill level 1 in Air Magic
  2720 | D:3      | Reached skill level 1 in Earth Magic
  2720 | D:3      | Reached skill level 1 in Poison Magic
  2886 | D:3      | Found a glowing silver altar of Zin.
  3305 | D:4      | Reached XP level 5. HP: 40/40 MP: 9/9
  3446 | D:4      | Noticed an ogre
  3458 | D:4      | Killed an ogre
  3459 | D:4      | Reached XP level 6. HP: 4/47 MP: 9/11
  3767 | D:4      | Found an ornate altar of the Wu Jian Council.
  3831 | D:4      | Noticed Ijyb
  3837 | D:4      | Noticed Ijyb
  3837 | D:4      | Ijyb changed into Ijyb the steam dragon
  3842 | D:4      | Noticed Ijyb
  3842 | D:4      | Ijyb the steam dragon changed into Ijyb the harpy
  3843 | D:4      | Slain by Ijyb the harpy

Illustrated notes

Levels and vault maps discovered:
D:1:      scummos_arrival_hexagon, layout_rooms
D:2:      layout_loops_ring, serial_shops, nicolae_shop_trees, basic_altar,
          basic_ecumenical_altar, minmay_strange_pillars, nicolae_wormholes
D:3:      layout_loops_ring, zin_statuary, minmay_fractal_squares_5
D:4:      layout_loops_ring, fedhas_altar_decomposition, marbit_many_paths,
          nicolae_ru_awakened_eye, elyvilon_altar_4,
          nicolae_hepliaklqana_hippocampus, ebering_ghost_rock_garden, uniq_ijyb

Skill      XL: |  1  2  3  4  5 |
---------------+----------------+-----
Invocations    | 1 2 |  2.0
Short Blades   | 1 |  1.8
Long Blades    | 1 |  1.8
Maces & Flails | 1 |  1.8
Polearms       | 1 |  1.8
Staves         | 1 |  1.8
Slings         | 1 |  1.8
Bows           | 1 |  1.8
Crossbows      | 1 |  1.8
Throwing       | 1 |  1.8
Armour         | 1 |  1.8
Dodging        | 1 |  1.8
Shields        | 1 |  1.8
Unarmed Combat | 1 |  1.8
Spellcasting   | 3 |  3.3
Conjurations   | 1 |  1.4
Hexes          | 1 |  1.4
Summonings     | 1 |  1.4
Necromancy     | 1 |  1.4
Transmutations | 1 |  1.4
Fire Magic     | 1 |  1.4
Ice Magic      | 1 |  1.4
Air Magic      | 1 |  1.4
Earth Magic    | 1 |  1.4
Poison Magic   | 1 |  1.4
Fighting       | 3 |  3.2
Evocations     | 3 |  3.2
Stealth        | 3 |  3.0
Axes           | |  4.9
Translocations | |  7.2

Action                   |  1- 3 |  4- 6 || total
-------------------------+-------+-------++-------
Melee: Hand axe          |   142 |     1 ||   143
       Bite              |    16 |     9 ||    25
       Punch             |     1 |     1 ||     2
       Flail             |       |    88 ||    88
Throw: Throwing net      |       |     1 ||     1
Evoke: Wand              |       |     3 ||     3
  Use: Potion            |     2 |       ||     2
       Scroll            |     1 |     6 ||     7
 Stab: Sleeping          |     2 |     7 ||     9
Armor: Leather armour    |    27 |       ||    27
       Ring mail         |    54 |    35 ||    89
Dodge: Dodged            |   119 |    49 ||   168

Table legend: (Time is in decaauts)
 A = Elapsed time spent in this place.
 B = Non-inter-level travel time spent in this place.
 C = Inter-level travel time spent in this place.
 D = Time resting spent in this place.
 E = Time spent auto-exploring this place.
 F = Levels seen in this place.
 G = Mean time per level.
                   A        B        C        D        E       F      G
               +--------+--------+--------+--------+--------+-----+--------+
         Total |   3874 |   3810 |     64 |   1376 |   1779 |   4 |  968.5 |
       Dungeon |   3874 |   3810 |     64 |   1376 |   1779 |   4 |  968.5 |
               +--------+--------+--------+--------+--------+-----+--------+

Top non-repeatable levels by time:
     D:1: 1420 daAuts
     D:2: 1140 daAuts
     D:3: 764 daAuts
     D:4: 550 daAuts
